 Dungeon Crawl Stone Soup version 0.23.2-40-g277498a001 (webtiles) character file.

Game seed: 18054352258701838023

625646 PoweredByCaffeine the Archmage (level 27, -7/174 HPs)
             Began as a Deep Elf Fire Elementalist on Sept 18, 2019.
             Was the Champion of Vehumet.
             Killed from afar by a black draconian monk (32 damage)
             ... with a bolt of lightning
             ... on level 2 of the Realm of Zot on Sept 20, 2019.
             The game lasted 03:42:16 (95500 turns).

PoweredByCaffeine the Archmage (DEFE)              Turns: 95500, Time: 03:42:17

Health: -7/174     AC: 35    Str: 11    XL:     27
Magic:  15/47      EV: 21    Int: 44    God:    Vehumet [******]
Gold:   5343       SH: 21    Dex: 24    Spells: 11/80 levels left

rFire    + + +     SeeInvis +   b - +9 staff of Wucad Mu {channel}
rCold    + + .     Gourm    .   I - +3 shield of the Poles {rF++ Int+4 Slay+3}
rNeg     + . .     Faith    .   l - +10 pearl dragon scales
rPois    +         Spirit   .   r - +2 helmet of Watchfulness {rC+ Dex+6}
rElec    .         Reflect  +   N - +2 cloak {rPois}
rCorr    .         Harm     .   f - +0 pair of gloves
MR       ++++.                  g - +0 pair of boots {Stlth+}
Stlth    ++++......             k - amulet "Omisys" {Reflect MR+++ MP-9 Str+8 SH+4}
HPRegen  0.39/turn              p - ring "Idghiuz" {rC+ MR- Int+2 SInv}
MPRegen  0.30/turn              W - ring "Kaovo" {*Drain rF+ Int+4 Dex+3}

@: studying Stealth
A: weak 1
}: 3/15 runes: decaying, serpentine, slimy
a: Renounce Religion


You were on level 2 of the Realm of Zot.
You worshipped Vehumet.
Vehumet was exalted by your worship.
You were not hungry.

You visited 12 branches of the dungeon, and saw 56 of its levels.
You visited 1 bazaar.
You also visited: Trove, Ossuary, Bailey, Ice Cave and Wizlab.

You collected 8679 gold pieces.
You spent 3336 gold pieces at shops.

Inventory:

Hand Weapons
 a - the +3 morningstar of Intuition {drain, rElec MP+9 Str+3}
   (You found it on level 14 of the Dungeon)

   A truly terrible weapon, it drains the life of those it strikes.
   It affects your strength (+3).
   It insulates you from electricity.
   It affects your magic capacity (+9).
 b - the +9 staff of Wucad Mu (weapon) {channel}
   (You took it off an orc on level 5 of the Vaults)
Armour
 f - a +0 pair of gloves (worn)
 g - a +0 pair of boots of stealth (worn)
 l - +10 pearl dragon scales (worn)
 r - the +2 helmet of Watchfulness (worn) {rC+ Dex+6}
   (You found it in a treasure trove)

   It affects your dexterity (+6).
   It protects you from cold.
 I - the +3 shield of the Poles (worn) {rF++ Int+4 Slay+3}
   (You found it in a treasure trove)

   It affects your intelligence (+4).
   It affects your accuracy and damage with ranged weapons and melee attacks
   (+3).
   It greatly protects you from fire.
 N - a +2 cloak of poison resistance (worn)
Jewellery
 k - the amulet "Omisys" (around neck) {Reflect MR+++ MP-9 Str+8 SH+4}
   (You found it on level 4 of the Snake Pit)

   [amulet of reflection]

   It shields you and reflects attacks.
   It affects your strength (+8).
   It affects your resistance to hostile enchantments.
   It affects your magic capacity (-9).
   It affects your SH (+4).
 p - the ring "Idghiuz" (left hand) {rC+ MR- Int+2 SInv}
   (You found it on level 2 of the Crypt)

   [ring of protection from cold]

   It affects your intelligence (+2).
   It protects you from cold.
   It affects your resistance to hostile enchantments.
   It lets you see invisible.
 u - a +6 ring of intelligence
 z - the ring of Wypulumo {rC+ rN+ MR+ EV+1 Stlth+}
   (You found it on level 6 of the Lair of Beasts)

   [ring of evasion]

   It affects your evasion (+1).
   It protects you from cold.
   It protects you from negative energy.
   It affects your resistance to hostile enchantments.
   It makes you more stealthy.
 H - a +3 ring of slaying {unknown}
 T - a cursed -3 ring of dexterity {unknown}
 W - the ring "Kaovo" (right hand) {*Drain rF+ Int+4 Dex+3}
   (You found it on level 3 of the Elven Halls)

   [ring of protection from fire]

   It affects your intelligence (+4).
   It affects your dexterity (+3).
   It protects you from fire.
   It causes draining when unequipped.
Wands
 v - a wand of scattershot (15)
 y - a wand of acid (15)
 A - a wand of disintegration (12)
 B - a wand of clouds (4)
 G - a wand of digging (22)
 Q - a wand of iceblast (11)
Scrolls
 j - 22 scrolls of teleportation
 o - 10 scrolls of blinking
 q - 12 scrolls of fear
 s - 9 scrolls of fog
 D - 5 scrolls of holy word
 K - 10 scrolls of enchant weapon
 M - a scroll of enchant armour
 P - 4 scrolls of identify
 V - 26 scrolls of remove curse
 X - 3 scrolls of silence
 Y - 11 scrolls of magic mapping
 Z - 2 scrolls of summoning
Potions
 d - a potion of magic
 e - 8 potions of agility
 h - 3 potions of brilliance
 i - 9 potions of might
 m - 9 potions of heal wounds
 n - 5 potions of cancellation
 t - 14 potions of curing
 w - 5 potions of mutation
 x - 8 potions of haste
 C - 2 potions of ambrosia
 E - 7 potions of invisibility
 O - 7 potions of flight
 R - 3 potions of resistance
Books
 S - a manual of Stealth
Miscellaneous
 L - a phantom mirror
Comestibles
 c - 27 rations


   Skills:
 + Level 18.2 Fighting
 - Level 12.0 Armour
 - Level 18.0 Dodging
 - Level 7.3 Stealth
 - Level 15.0 Shields
 O Level 27 Spellcasting
 - Level 16.0 Conjurations
 - Level 6.0 Charms
 - Level 8.0 Summonings
 - Level 8.0 Necromancy
 - Level 17.2 Fire Magic
 * Level 17.0 Evocations


You had 11 spell levels left.
You knew the following spells:

 Your Spells              Type           Power        Failure   Level  Hunger
a - Iron Shot             Conj/Erth      #######...   1%          6    None
b - Blink                 Tloc           N/A          1%          2    None
c - Summon Mana Viper     Hex/Summ       #######.     6%          5    None
d - Sticky Flame          Conj/Fire      ########     0%          4    None
e - Fireball              Conj/Fire      ########..   1%          5    None
f - Bolt of Fire          Conj/Fire      ########..   1%          6    None
g - Ignition              Fire           ########..   1%          8    None
h - Regeneration          Chrm/Necr      #######...   1%          3    None
i - Sublimation of Blood  Necr           #######...   1%          2    None
j - Spellforged Servitor  Conj/Summ      ########..   2%          7    None
k - Passage of Golubria   Tloc           N/A          12%         4    None
l - Fire Storm            Conj/Fire      ########..   32%         9    None
m - Lehudib's Crystal Sp  Conj/Erth      #######...   56%         8    None

Your spell library contained the following spells:

 Spells                   Type           Power        Failure   Level  Hunger
 Tornado                  Air            ######....   100%        9    None
 Flame Tongue             Conj/Fire      #####        0%          1    None
 Magic Dart               Conj           ####         0%          1    None
 Searing Ray              Conj           ######       0%          2    None
 Throw Flame              Conj/Fire      ######       0%          2    None
 Conjure Flame            Conj/Fire      ########     0%          3    None
 Iskenderun's Mystic Bla  Conj           ########     0%          4    None
 Animate Skeleton         Necr           N/A          1%          1    None
 Apportation              Tloc           ######       1%          1    None
 Beastly Appendage        Tmut           ######       1%          1    None
 Confusing Touch          Hex            ######       1%          1    None
 Corona                   Hex            ######.      1%          1    None
 Freeze                   Ice            ####         1%          1    None
 Infusion                 Chrm           ####         1%          1    None
 Pain                     Necr           ####         1%          1    None
 Sandblast                Erth           ######       1%          1    None
 Shock                    Conj/Air       ####         1%          1    None
 Summon Butterflies       Summ           #######.     1%          1    None
 Summon Small Mammal      Summ           ####         1%          1    None
 Call Imp                 Summ           #######.     1%          2    None
 Corpse Rot               Necr           N/A          1%          2    None
 Ensorcelled Hibernation  Hex/Ice        ######       1%          2    None
 Passwall                 Tmut/Erth      ######..     1%          2    None
 Poisonous Vapours        Pois/Air       ######       1%          2    None
 Shroud of Golubria       Chrm/Tloc      ######....   1%          2    None
 Slow                     Hex            ######..     1%          2    None
 Song of Slaying          Chrm           #######.     1%          2    None
 Sticks to Snakes         Tmut           ######..     1%          2    None
 Swiftness                Chrm/Air       ######..     1%          2    None
 Throw Frost              Conj/Ice       ######       1%          2    None
 Call Canine Familiar     Summ           #######.     1%          3    None
 Dazzling Spray           Conj/Hex       ######       1%          3    None
 Ignite Poison            Fire/Tmut/Pois #######.     1%          3    None
 Inner Flame              Hex/Fire       #######.     1%          3    None
 Mephitic Cloud           Conj/Pois/Air  #######.     1%          3    None
 Ozocubu's Armour         Chrm/Ice       ######..     1%          3    None
 Recall                   Summ/Tloc      N/A          1%          3    None
 Spectral Weapon          Hex/Chrm       ######..     1%          3    None
 Static Discharge         Conj/Air       #######.     1%          3    None
 Stone Arrow              Conj/Erth      ######       1%          3    None
 Summon Guardian Golem    Hex/Summ       #######.     1%          3    None
 Animate Dead             Necr           N/A          1%          4    None
 Force Lance              Conj/Tloc      #######.     1%          4    None
 Fulminant Prism          Conj/Hex       #######...   1%          4    None
 Throw Icicle             Conj/Ice       #######.     1%          4    None
 Agony                    Necr           #######.     1%          5    None
 Aura of Abjuration       Summ           #######...   1%          5    None
 Bolt of Draining         Conj/Necr      ########..   1%          5    None
 Bolt of Magma            Conj/Fire/Erth ########..   1%          5    None
 Dispel Undead            Necr           #######.     1%          5    None
 Excruciating Wounds      Chrm/Necr      #######...   1%          5    None
 Irradiate                Conj/Tmut      #######...   1%          5    None
 Iskenderun's Battlesphe  Conj/Chrm      ########     1%          5    None
 Lightning Bolt           Conj/Air       #######...   1%          5    None
 Summon Demon             Summ           #######...   1%          5    None
 Venom Bolt               Conj/Pois      #######...   1%          5    None
 Orb of Destruction       Conj           ########..   1%          7    None
 Summon Ice Beast         Ice/Summ       #######.     2%          4    None
 Summon Lightning Spire   Summ/Air       #######.     2%          4    None
 Confuse                  Hex            ######..     3%          3    None
 Gell's Gravitas          Tloc           ######....   3%          3    None
 Portal Projectile        Hex/Tloc       ######       3%          3    None
 Spider Form              Tmut/Pois      ######....   3%          3    None
 Airstrike                Air            ######....   3%          4    None
 Borgnjor's Vile Clutch   Necr/Erth      #######...   6%          5    None
 Summon Forest            Summ/Tloc      #######...   6%          5    None
 Shadow Creatures         Summ           N/A          7%          6    None
 Lee's Rapid Deconstruct  Erth           ######....   9%          5    None
 Yara's Violent Unravell  Hex/Tmut       ######....   9%          5    None
 Ring of Flames           Chrm/Fire      ########..   9%          7    None
 Cause Fear               Hex            ######....   12%         4    None
 Ice Form                 Ice/Tmut       ######..     12%         4    None
 Leda's Liquefaction      Hex/Erth       ######....   12%         4    None
 Petrify                  Tmut/Erth      ######..     12%         4    None
 Blade Hands              Tmut           ######....   32%         5    None
 Metabolic Englaciation   Hex/Ice        ######....   32%         5    None
 Silence                  Hex/Air        ######....   32%         5    None
 Simulacrum               Ice/Necr       #######...   34%         6    None
 Monstrous Menagerie      Summ           #######...   36%         7    None
 Summon Greater Demon     Summ           #######...   36%         7    None
 Summon Hydra             Summ           #######...   36%         7    None
 Darkness                 Hex            ######....   88%         6    None
 Hydra Form               Tmut           ######....   88%         6    None
 Invisibility             Hex            ######..     88%         6    None
 Malign Gateway           Summ/Tloc      #######...   89%         7    None
 Summon Horrible Things   Summ           #######...   96%         8    None
 Death's Door             Chrm/Necr      #######...   99%         8    None
 Dragon Form              Tmut           ######....   100%        7    None
 Dragon's Call            Summ           #######...   100%        9    None


Dungeon Overview and Level Annotations

Branches:
Dungeon (15/15)            Temple (1/1) D:4            Lair (6/6) D:9
  Swamp (4/4) Lair:2        Snake (4/4) Lair:4        Slime (5/5) Lair:6
    Orc (2/2) D:11            Elf (3/3) Orc:2        Vaults (5/5) D:13
  Crypt (3/3) Vaults:2       Tomb (0/3) Crypt:3      Depths (5/5) D:15
    Zot (3/5) Depths:5

Altars:
Ashenzari
Cheibriados
Dithmenos
Elyvilon
Gozag
Hepliaklqana
Kikubaaqudgha
Makhleb
Nemelex Xobeh
Okawaru
Qazlal
Ru
Sif Muna
Trog
Uskayaw
Vehumet
Wu Jian
Xom
Yredelemnul
Zin
The Shining One

Shops:
D:11 %([}*   D:12 %[(}%   Orc:1 [   Orc:2 ![*(=   Elf:1 (   Elf:2 %[
Snake:2 !   Vaults:1 !   Depths:5 =}=

Portals:
Hell: Depths:1 Depths:2 Depths:3 Depths:4 Depths:5
Abyss: Depths:2 Depths:4
Pandemonium: Depths:3 Depths:5
Ziggurat: Depths:2

Annotations:
Snake:2 3 runed translucent doors, Pas Vaeh's ghost, adept CeAM
Elf:2 3 runed translucent doors
Depths:1 exclusion: downstairs


Innate Abilities, Weirdness & Mutations

You are weak. (Str -2)


Message History

The black draconian scorcher points at you and mumbles some strange words.
The bolt of fire misses you.
Unknown command.
Unknown command.
Unknown command.
Magical energy flows into your mind!
You feel slightly more hungry.
The white draconian breathes frost at you.
The chilling blast hits you. You resist.
* * * LOW HITPOINT WARNING * * *
The black draconian monk breathes lightning at you.
The bolt of lightning hits you!!
* * * LOW HITPOINT WARNING * * *
The bolt of lightning misses you.
The bolt of lightning hits the black draconian monk.
The black draconian monk completely resists.
The black draconian monk breathes lightning at you.
The bolt of lightning hits you!
* * * LOW HITPOINT WARNING * * *
The bolt of lightning hits you!!
You die...

#..#.......>..................##.
##...##.#....##..#...#.......##..
##...####.........#.........#..#
##...####.......#............##
##...######..#.#.##........##
##......####.#.##........##
##......#..#.#.........##
##.......q.q.(.......##
##...#.#.@d.....##.##
###.##..q†.....#.##
#..##.........## ##...........##
##.###.##..## ##.####..##
##.....## ##...## #####


You could see 2 draconians, a white draconian and a black draconian scorcher.

Vanquished Creatures
  the Royal Jelly (Slime:5)
  2 ancient liches
  Boris (thrice) (Vaults:4 Crypt:1 Crypt:3)
  3 golden dragons
  A Hellbinder (WizLab)
  2 bone dragons (Depths:5)
  Jory (Vaults:4)
  2 electric golems
  An Ice Fiend (IceCv)
  10 tentacled monstrosities
  4 titans (Vaults:5)
  2 deep elf blademasters (Elf:3)
  6 liches
  10 quicksilver dragons
  2 deep elf master archers (Elf:3)
  26 acid blobs
  3 death cobs (Zot:2)
  3 sphinxes
  4 ancient champions
  8 storm dragons
  A sphinx (shapeshifter) (Vaults:1)
  7 tengu reavers
  3 shadow dragons
  3 draconian monks
  8 nagarajas
  17 azure jellies
  5 revenants
  A blood saint (WizLab)
  8 frost giants
  8 fire giants
  An orc warlord (Orc:2)
  2 ghost moths
  6 draconian scorchers
  12 deep elf sorcerers
  3 draconian knights
  A balrug (WizLab)
  2 draconian shifters
  15 vault wardens
  A cacodemon (WizLab)
  Louise (Swamp:1)
  7 ghouls
  An angel (Depths:3)
  Aizul (Vaults:4)
  A deep elf elementalist (Vaults:5)
  6 very ugly things
  16 ironheart preservers
  3 draconian stormcallers
  A war gargoyle (Vaults:5)
  6 vampire knights
  2 entropy weavers
  19 stone giants
  2 draconian annihilators
  2 lorocyprocas (WizLab)
  9 green draconians
  9 black draconians
  9 deep elf demonologists
  A dire elephant (Lair:6)
  5 yellow draconians
  8 white draconians
  12 red draconians
  11 spark wasps
  7 deep elf annihilators
  2 blizzard demons (WizLab)
  2 spectral titans (Crypt:3)
  10 fire dragons
  8 purple draconians
  A quicksilver dragon zombie (Crypt:1)
  18 deep elf death magi
  7 eidola (Crypt:3)
  11 ettins
  9 death oozes (Slime:5)
  3 spectral quicksilver dragons (Crypt:3)
  A spectral golden dragon (Crypt:3)
  A green death (WizLab)
  Josephine (Lair:4)
  14 yaktaur captains
  2 jiangshi
  3 deep elf high priests
  9 ice dragons
  4 rakshasas
  8 great orbs of eyes
  13 naga warriors
  2 hell beasts
  40 vault guards
  3 ghost crabs
  5 death knights
  21 alligators
  28 hydras
  A catoblepas (Lair:6)
  3 spriggan air magi
  9 anacondas
  3 shambling mangroves (Swamp:4)
  12 dancing weapons
  39 two-headed ogres
  2 spectral frost giants (Crypt:3)
  5 spriggan berserkers
  12 ogre magi
  8 deep troll earth magi
  A titan zombie (Crypt:2)
  10 centaur warriors
  11 tengu warriors
  2 spectral storm dragons (Crypt:3)
  6 vampire magi
  8 deep troll shamans
  2 spectral dire elephants (Crypt:3)
  9 death yaks
  5 orc high priests
  20 deep elf knights
  3 hell knights
  5 shock serpents
  A soul eater (Crypt:3)
  Nergalle (D:11)
  A sun demon (WizLab)
  14 naga sharpshooters
  Urug (D:11)
  A storm dragon zombie (Crypt:2)
  4 sixfirhies (WizLab)
  11 shadow wraiths
  An iron troll (Depths:4)
  A salamander mystic (Snake:1)
  A death drake (shapeshifter) (Elf:3)
  An unseen horror (shapeshifter) (Depths:2)
  23 deep trolls
  A sea snake (Snake:2)
  15 skeletal warriors
  A spark wasp zombie (Crypt:3)
  A storm dragon skeleton (Crypt:3)
  5 swamp dragons
  A spectral anaconda (Crypt:3)
  3 unseen horrors
  7 glowing orange brains
  4 spriggan druids (Swamp:4)
  9 flayed ghosts
  5 wizards
  A harpy (shapeshifter) (Depths:5)
  A spectral hydra (Crypt:3)
  11 ironbrand convokers
  An anaconda skeleton (Crypt:2)
  5 naga ritualists
  5 necromancers
  A spectral iron dragon (Crypt:3)
  16 phantasmal warriors
  15 orc knights
  45 ugly things
  22 deep elf archers
  5 orc sorcerers
  2 spectral ettins (Crypt:3)
  3 stone giant zombies
  A fire giant zombie (Crypt:2)
  7 wolf spiders
  3 manticores
  78 deep elf magi
  4 mana vipers
  4 shining eyes
  2 spectral ice dragons (Crypt:3)
  3 salamanders
  3 cyclopes
  26 moths of wrath
  5 centaur zombies
  7 elephants (Lair:6)
  A stone giant skeleton (Crypt:1)
  33 black mambas
  2 guardian serpents
  A rust devil (Depths:2)
  8 vault sentinels
  An iron dragon skeleton (Crypt:3)
  15 naga magi
  26 spiny frogs
  2 ice statues (IceCv)
  A water nymph (shapeshifter) (Vaults:1)
  A frost giant skeleton (Crypt:1)
  2 orange demons
  2 gargoyles
  5 spectral swamp worms (Depths:3)
  3 eyes of devastation (Slime:5)
  2 smoke demons (Depths:3)
  A titan simulacrum (Crypt:3)
  4 centaur skeletons
  A catoblepas zombie (Crypt:3)
  An emperor scorpion zombie (Crypt:2)
  A rime drake (shapeshifter) (Depths:4)
  5 komodo dragons
  2 hellions (WizLab)
  A red draconian zombie (Crypt:1)
  A tormentor (WizLab)
  An efreet (D:14)
  27 freezing wraiths
  2 hellwings
  63 yaktaurs
  3 anaconda simulacra (IceCv)
  A red devil (Depths:2)
  A grey draconian skeleton (Crypt:2)
  5 tengu conjurers
  14 ice devils
  A meliai (shapeshifter) (Depths:3)
  7 trolls
  A jumping spider (shapeshifter) (D:13)
  A queen bee (D:12)
  14 tyrant leeches
  2 polar bears
  2 harpy skeletons (D:15)
  A merfolk (D:11)
  2 hydra skeletons
  133 slime creatures
  7 hornets
  A spectral manticore (Crypt:3)
  A raiju (shapeshifter) (Vaults:1)
  25 blink frogs
  3 snapping turtles (shapeshifter)
  14 bog bodies
  A human simulacrum (Vaults:1)
  A frost giant simulacrum (Depths:2)
  A spectral black mamba (Crypt:3)
  An ettin zombie (Crypt:2)
  13 hippogriffs
  3 flying skulls (Depths:2)
  An air elemental (Elf:3)
  2 redbacks
  Sigmund (D:5)
  An ice dragon skeleton (Crypt:2)
  A tarantella (shapeshifter) (Depths:3)
  A yak (shapeshifter) (Vaults:5)
  A ynoxinul (WizLab)
  7 shadows
  2 tarantellas (Vaults:3)
  7 wraiths
  2 spriggans
  7 water elementals
  A vampire (D:14)
  A spriggan (shapeshifter) (Depths:1)
  52 yaks
  A human (shapeshifter) (Elf:2)
  6 wyverns
  2 basilisks (shapeshifter)
  3 basilisks
  2 fire elementals
  2 chaos spawn (WizLab)
  A neqoxec (Depths:3)
  10 wargs
  9 vampire mosquitoes
  3 hungry ghosts
  An iron troll simulacrum (IceCv)
  61 nagas
  2 harpy simulacra (IceCv)
  2 acid dragons
  15 insubstantial wisps
  A swamp worm (shapeshifter) (Depths:4)
  11 swamp worms
  2 hydra simulacra (IceCv)
  7 water moccasins
  A floating eye (Depths:3)
  A faun skeleton (Crypt:2)
  12 porcupines
  A floating eye (shapeshifter) (Vaults:5)
  A torturous demonspawn skeleton (Crypt:1)
  5 eyes of draining
  51 orc warriors
  A sky beast (shapeshifter) (Vaults:2)
  2 sky beasts
  A swamp drake (shapeshifter) (Vaults:1)
  4 ice beasts
  A lindwurm zombie (Crypt:1)
  13 swamp drakes
  2 ettin simulacra (IceCv)
  3 black bears
  2 necrophages
  9 wolves
  35 ogres
  A blink frog skeleton (Crypt:3)
  7 boggarts
  10 crocodiles
  18 centaurs
  A big kobold (D:10)
  A rime drake skeleton (Crypt:2)
  27 bullfrogs
  A yaktaur skeleton (Crypt:2)
  2 earth elementals
  5 water moccasin zombies
  2 wyvern skeletons
  A wyvern zombie (D:13)
  A cyclops skeleton (Crypt:3)
  6 scorpions
  A polar bear zombie (Crypt:1)
  30 killer bees
  A spriggan skeleton (Crypt:1)
  2 electric eels
  4 howler monkeys
  4 crimson imps
  2 quasits (Depths:3)
  A bullfrog skeleton (D:5)
  14 jellies
  37 orc wizards
  33 orc priests
  Crazy Yiuf (D:6)
  4 hounds
  2 iron imps
  A human skeleton (Crypt:2)
  4 iguanas
  Ijyb (D:3)
  Natasha (thrice) (D:4)
  6 worker ants
  4 hell rats (Lair:6)
  6 big kobold zombies
  An acid dragon zombie (Crypt:1)
  2 hound zombies
  2 hound skeletons
  2 mummies (Ossuary)
  A howler monkey skeleton (D:8)
  3 worker ant zombies
  13 adders
  A gnoll (Bailey)
  5 shadow imps
  3 white imps (Depths:3)
  An ufetubus (Depths:3)
  3 adder zombies (Ossuary)
  A halfling zombie (Crypt:2)
  4 oozes
  4 worms
  A dart slug (D:2)
  5 leopard geckos
  130 orcs
  5 ball pythons
  6 bats
  3 giant cockroaches
  12 goblins
  8 hobgoblins
  6 jackals
  6 quokkas
  4 frilled lizards
  A frilled lizard skeleton (Crypt:3)
  4 gnoll zombies (Ossuary)
  5 hobgoblin zombies (Ossuary)
  25 kobolds
  A kobold skeleton (Crypt:2)
  3 kobold zombies (Ossuary)
  A leopard gecko skeleton (D:9)
  7 orc zombies
  3 quokka skeletons
  9 rats
  3 crawling corpses (Vaults:2)
  14 plants
2527 creatures vanquished.

Vanquished Creatures (collateral kills)
  Frederick (Vaults:5)
  A golden dragon (Vaults:4)
  An electric golem (Zot:1)
  2 tentacled monstrosities (Zot:1)
  2 acid blobs (Slime:5)
  A death cob (Zot:1)
  A tengu reaver (Depths:5)
  A thorn hunter (Swamp:4)
  A fire giant (Vaults:4)
  2 frost giants
  An iron dragon (Vaults:5)
  A ghoul (Vaults:2)
  A deep elf elementalist (Vaults:5)
  A draconian annihilator (Zot:1)
  A stone giant (Depths:5)
  A very ugly thing (Depths:2)
  A black draconian (Zot:1)
  A purple draconian (Zot:1)
  A yellow draconian (Zot:1)
  2 ettins
  A death ooze (Slime:5)
  An eidolon (Crypt:1)
  3 fire dragons
  A yaktaur captain (Vaults:5)
  An ice dragon (Depths:5)
  A spriggan air mage (Depths:5)
  A dancing weapon (Elf:1)
  A deep troll shaman (Depths:4)
  A tengu warrior (Depths:5)
  A vampire mage (Crypt:3)
  A spriggan berserker (Depths:5)
  A hell knight (Depths:4)
  2 deep elf knights
  2 sun demons (WizLab)
  3 skeletal warriors
  A phantasmal warrior (Vaults:5)
  A deep elf archer (Elf:1)
  2 ironbrand convokers (Vaults:5)
  2 necromancers (Depths:4)
  2 ugly things
  5 deep elf magi
  A vault sentinel (Vaults:4)
  A rust devil (WizLab)
  A smoke demon (WizLab)
  2 ice devils (WizLab)
  3 yaktaurs (Depths:5)
  A hornet (Swamp:4)
  A tyrant leech (Swamp:4)
  2 red devils (WizLab)
  A spriggan (Swamp:4)
  A ynoxinul (WizLab)
  A wraith (Crypt:3)
  An orc wizard (D:9)
  2 orcs
76 creatures vanquished.

Vanquished Creatures (others)
  Donald (Slime:3)
  A stone giant (Depths:4)
  An ettin (Vaults:5)
  A yaktaur captain (Vaults:3)
  A deep elf knight (Vaults:3)
  A deep elf archer (Elf:1)
  A cyclops (Vaults:2)
  5 yaktaurs
  A bush (Depths:5)
  10 fungi
  47 plants
70 creatures vanquished.

Grand Total: 2673 creatures vanquished

Notes
Turn   | Place    | Note
-------+----------+-------------------------------------------
     0 | D:1      | PoweredByCaffeine the Deep Elf Fire Elementalist began the
                  | quest for the Orb.
     0 | D:1      | Reached XP level 1. HP: 10/10 MP: 6/6
   373 | D:1      | Reached XP level 2. HP: 15/15 MP: 5/8
   402 | D:1      | Learned a level 2 spell: Throw Flame
   905 | D:2      | Reached XP level 3. HP: 19/19 MP: 6/10
  1185 | D:2      | Found a faded altar of an unknown god.
  1188 | D:2      | Reached skill level 4 in Spellcasting
  1312 | D:2      | Reached XP level 4. HP: 22/24 MP: 9/12
  1410 | D:2      | Found a shadowy altar of Dithmenos.
  1552 | D:2      | Learned a level 3 spell: Conjure Flame
  1557 | D:2      | Learned a level 4 spell: Sticky Flame
  2833 | D:3      | Noticed Ijyb
  2924 | D:3      | Killed Ijyb
  2924 | D:3      | Reached XP level 5. HP: 26/28 MP: 7/14
  3056 | D:3      | Found a bloodstained altar of Trog.
  3291 | D:3      | Reached skill level 5 in Spellcasting
  3826 | D:4      | Reached skill level 5 in Fire Magic
  3827 | D:4      | Reached XP level 6. HP: 18/32 MP: 4/16
  4007 | D:4      | Found a stormy altar of Qazlal.
  4035 | D:4      | Noticed Natasha
  4048 | D:4      | Learned a level 5 spell: Fireball
  4074 | D:4      | Killed Natasha
  4359 | D:4      | Reached skill level 6 in Spellcasting
  4711 | D:4      | Found a staircase to the Ecumenical Temple.
  4749 | D:4      | Found a white marble altar of Elyvilon.
  4846 | D:4      | Noticed Natasha
  4853 | D:4      | Killed Natasha
  4862 | D:4      | Noticed Natasha
  4874 | D:4      | Killed Natasha
  5098 | D:5      | Entered Level 5 of the Dungeon
  5101 | D:5      | Found a basalt altar of Yredelemnul.
  5253 | D:5      | Reached XP level 7. HP: 29/36 MP: 8/18
  5477 | D:5      | Noticed Sigmund
  5563 | D:5      | Found a sparkling altar of Nemelex Xobeh.
  5582 | D:5      | Found a glowing silver altar of Zin.
  6310 | D:5      | Found a glowing golden altar of the Shining One.
  6871 | D:6      | Reached skill level 5 in Conjurations
  6959 | D:6      | Found a hide-covered altar of Uskayaw.
  7081 | D:6      | Reached skill level 7 in Spellcasting
  7145 | D:6      | Found a runed translucent door.
  7146 | D:6      | Noticed Crazy Yiuf
  7155 | D:6      | Killed Crazy Yiuf
  7607 | D:7      | Reached XP level 8. HP: 41/41 MP: 11/21
  8210 | D:7      | Reached skill level 8 in Spellcasting
  8711 | D:8      | Noticed a hornet
  8877 | Temple   | Entered the Ecumenical Temple
  8959 | Temple   | Became a worshipper of Vehumet
  9046 | D:5      | Killed Sigmund
  9324 | D:8      | Found a sand-covered staircase.
  9329 | Ossuary  | Entered an ossuary
  9460 | Ossuary  | Reached skill level 9 in Spellcasting
  9846 | Ossuary  | Reached * piety under Vehumet
  9846 | Ossuary  | Offered knowledge of Freeze by Vehumet.
  9916 | Ossuary  | Reached XP level 9. HP: 45/45 MP: 16/24
 10509 | D:8      | Found an iron altar of Okawaru.
 10534 | D:8      | Reached skill level 10 in Spellcasting
 10968 | D:8      | Learned a level 1 spell: Shock
 11429 | D:9      | Reached skill level 11 in Spellcasting
 11503 | D:9      | Reached ** piety under Vehumet
 11509 | D:9      | Found a staircase to the Lair.
 11511 | D:9      | Offered knowledge of Magic Dart by Vehumet.
 11898 | D:9      | Reached XP level 10. HP: 30/50 MP: 14/27
 12693 | D:9      | Got a dazzling war axe
 12900 | D:9      | Got a slimy demon blade
 12938 | D:9      | Identified the +4 war axe "Issi" {freeze, +Rage rF+ rN+++
                  | MR-} (You found it on level 9 of the Dungeon)
 12939 | D:9      | Identified the +8 demon blade "Kuplyop" {drain, rC++} (You
                  | found it on level 9 of the Dungeon)
 13172 | D:10     | Entered Level 10 of the Dungeon
 13270 | D:10     | Offered knowledge of Ignite Poison by Vehumet.
 13291 | D:10     | Learned a level 6 spell: Bolt of Fire
 13335 | D:10     | Reached skill level 12 in Spellcasting
 13335 | D:10     | Reached skill level 10 in Conjurations
 13356 | D:10     | Reached skill level 1 in Fighting
 13444 | D:10     | Found a flagged portal.
 13507 | Bailey   | Entered a bailey
 13536 | Bailey   | Noticed an orc knight
 13537 | Bailey   | Reached *** piety under Vehumet
 13551 | Bailey   | Reached skill level 5 in Dodging
 13775 | Bailey   | Killed an orc knight
 14026 | Bailey   | Offered knowledge of Mephitic Cloud by Vehumet.
 14405 | D:10     | Found a snail-covered altar of Cheibriados.
 14761 | D:11     | Found Dedemaq's Armour Shoppe.
 14769 | D:11     | Found Muodeosyr's Gadget Emporium.
 14811 | D:11     | Noticed Nergalle
 14815 | D:11     | Killed Nergalle
 14869 | D:11     | Reached XP level 11. HP: 26/60 MP: 2/29
 15010 | D:11     | Reached skill level 13 in Spellcasting
 15164 | D:11     | Found Sulymp's Weapon Shop.
 15177 | D:11     | Reached **** piety under Vehumet
 15364 | D:11     | Offered knowledge of Olgreb's Toxic Radiance by Vehumet.
 15526 | D:11     | Noticed Urug
 15600 | D:11     | Found Ryskyac's Food Boutique.
 15638 | D:11     | Learned a level 4 spell: Olgreb's Toxic Radiance
 15643 | D:11     | Learned a level 4 spell: Passage of Golubria
 15716 | D:11     | Found a staircase to the Orcish Mines.
 16094 | D:11     | Found Qazxusme's General Store.
 16455 | D:12     | Found Tagas's Antique Weapon Emporium.
 16624 | D:12     | Found Heroos's Gadget Shoppe.
 16631 | D:12     | Noticed a deep elf mage
 16632 | D:12     | Killed a deep elf mage
 16766 | D:12     | Reached skill level 10 in Fire Magic
 16889 | D:12     | Found Biradoerch's Food Shoppe.
 17038 | D:12     | Noticed an unseen horror
 17039 | D:12     | Killed an unseen horror
 17376 | D:12     | Found Pinliaf's Armour Emporium.
 17381 | D:12     | Found Nikky Ymy's Food Shop.
 17991 | Lair:1   | Entered Level 1 of the Lair of Beasts
 18022 | Lair:1   | Reached skill level 5 in Fighting
 18036 | Lair:1   | Reached skill level 14 in Spellcasting
 18404 | Lair:1   | Reached XP level 12. HP: 57/68 MP: 24/32
 20141 | Lair:2   | Noticed a death yak
 20142 | Lair:2   | Noticed a death yak
 20150 | Lair:2   | Noticed a death yak
 20152 | Lair:2   | Noticed a death yak
 20154 | Lair:2   | Killed a death yak
 20154 | Lair:2   | Reached skill level 10 in Dodging
 20155 | Lair:2   | Killed a death yak
 20156 | Lair:2   | Killed a death yak
 20157 | Lair:2   | Killed a death yak
 20157 | Lair:2   | Reached ***** piety under Vehumet
 20157 | Lair:2   | Reached skill level 15 in Spellcasting
 20280 | Lair:2   | Offered knowledge of Freezing Cloud by Vehumet.
 20505 | Lair:2   | Found a staircase to the Swamp.
 20801 | Lair:2   | Noticed a seven-headed hydra
 20804 | Lair:2   | Killed a seven-headed hydra
 20984 | Lair:2   | Learned a level 8 spell: Ignition
 21369 | Lair:3   | Reached XP level 13. HP: 76/76 MP: 1/34
 21717 | Lair:3   | Identified the Reference Book on Feathery Bewitchment
 22388 | Lair:4   | Found a staircase to the Snake Pit.
 22693 | Lair:4   | Noticed Josephine
 23468 | Lair:4   | Killed Josephine
 24202 | Snake:1  | Entered Level 1 of the Snake Pit
 24614 | Lair:5   | Reached skill level 16 in Spellcasting
 25110 | Lair:6   | Entered Level 6 of the Lair of Beasts
 25394 | Lair:6   | Offered knowledge of Poison Arrow by Vehumet.
 25902 | Lair:6   | Reached XP level 14. HP: 84/84 MP: 7/36
 26481 | Lair:6   | Found a staircase to the Slime Pits.
 27313 | Lair:6   | Got a scorched platinum ring
 27572 | D:11     | Killed Urug
 28736 | D:13     | Reached skill level 17 in Spellcasting
 28736 | D:13     | Reached skill level 15 in Fire Magic
 29651 | D:13     | Reached ****** piety under Vehumet
 29652 | D:13     | Offered knowledge of Venom Bolt by Vehumet.
 30009 | D:13     | Found a gate to the Vaults.
 30296 | D:13     | Identified the ring of Wypulumo {rC+ rN+ MR+ EV+1 Stlth+}
                  | (You found it on level 6 of the Lair of Beasts)
 30492 | Orc:1    | Entered Level 1 of the Orcish Mines
 30497 | Orc:1    | Found Pidom's Armour Shoppe.
 30836 | Orc:2    | Entered Level 2 of the Orcish Mines
 30836 | Orc:2    | Found a staircase to the Elven Halls.
 30981 | Orc:2    | Found Mazuipue's Distillery.
 31144 | Orc:2    | Reached XP level 15. HP: 91/91 MP: 10/38
 31314 | Orc:2    | Offered knowledge of Conjure Ball Lightning by Vehumet.
 31749 | Orc:2    | Noticed an orc warlord
 32121 | Orc:2    | Found Dinamate's General Store.
 32128 | Orc:2    | Found Amismen's Antique Armour Shop.
 32128 | Orc:2    | Found Nimunem's Antique Weapon Shop.
 32130 | Orc:2    | Found Leuss's Jewellery Boutique.
 32134 | Orc:2    | Bought a scroll of summoning for 152 gold pieces
 32147 | Orc:2    | Killed an orc warlord
 32234 | Orc:2    | Bought a pair of embroidered boots for 187 gold pieces
 32254 | Orc:2    | Learned a level 2 spell: Sublimation of Blood
 32258 | Orc:2    | Learned a level 3 spell: Regeneration
 32343 | Orc:2    | Bought a potion of heal wounds for 85 gold pieces
 33130 | Swamp:1  | Entered Level 1 of the Swamp
 33132 | Swamp:1  | Reached skill level 10 in Fighting
 33140 | Lair:2   | Learned a level 4 spell: Airstrike
 33196 | Lair:2   | Reached skill level 18 in Spellcasting
 34178 | Swamp:1  | Offered knowledge of Bolt of Cold by Vehumet.
 34965 | Swamp:1  | Noticed Louise
 35714 | D:14     | Got a dazzling morningstar
 35716 | D:14     | Identified the cursed +3 morningstar of Intuition {drain,
                  | rElec MP+9 Str+3} (You found it on level 14 of the Dungeon)
 35845 | D:14     | Reached skill level 1 in Charms
 35923 | D:14     | Reached skill level 1 in Necromancy
 36995 | D:15     | Entered Level 15 of the Dungeon
 37452 | D:15     | Reached XP level 16. HP: 99/99 MP: 40/40
 37467 | D:15     | Offered knowledge of Spellforged Servitor by Vehumet.
 37604 | D:14     | Learned a level 7 spell: Spellforged Servitor
 37735 | D:15     | Reached skill level 1 in Summonings
 38211 | D:15     | Found a staircase to the Depths.
 38260 | D:15     | Reached skill level 19 in Spellcasting
 38429 | D:15     | Reached skill level 5 in Charms
 38709 | Depths:1 | Entered Level 1 of the Depths
 38777 | Depths:1 | Noticed a lich
 39284 | Lair:4   | Learned a level 5 spell: Bolt of Draining
 40095 | Snake:1  | Reached skill level 5 in Necromancy
 40332 | Snake:2  | Found a frozen archway.
 40391 | IceCv    | Entered an ice cave
 40456 | IceCv    | Offered knowledge of Iron Shot by Vehumet.
 40966 | IceCv    | Noticed an Ice Fiend
 40971 | IceCv    | Killed an Ice Fiend
 40977 | IceCv    | Got a thick robe
 40981 | IceCv    | Identified the +0 robe of Joeckon {MR+ rCorr Str+4 Slay+2}
                  | (You found it in an ice cave)
 40987 | IceCv    | Got a bloodstained ring mail
 40988 | IceCv    | Identified the +2 ring mail of the Moon {rF+ rC+ rN+ MR+}
                  | (You found it in an ice cave)
 41305 | Snake:2  | Found Zuqin's Distillery.
 41313 | Snake:2  | Bought a potion of heal wounds for 65 gold pieces
 41760 | Snake:2  | Noticed Pas Vaeh's ghost (adept CeAM)
 41787 | Snake:2  | Found a runed translucent gate.
 41787 | Snake:2  | Found a runed translucent gate.
 41787 | Snake:2  | Found a runed translucent gate.
 42847 | D:11     | Bought a scroll of amnesia for 52 gold pieces
 42974 | Orc:2    | Bought a scroll of amnesia for 56 gold pieces
 43400 | Snake:3  | Reached skill level 5 in Summonings
 43692 | Snake:3  | Reached XP level 17. HP: 104/104 MP: 33/42
 43700 | Snake:3  | Learned a level 6 spell: Iron Shot
 43764 | Snake:3  | Reached skill level 20 in Spellcasting
 44773 | Snake:4  | Entered Level 4 of the Snake Pit
 44830 | Snake:4  | Got a crude scale mail
 44840 | Snake:4  | Identified the +6 scale mail of the Morning Star {-Cast
                  | +Inv rPois SInv} (You found it on level 4 of the Snake Pit)
 44894 | Snake:4  | Got a scorched diamond amulet
 46439 | Snake:4  | Offered knowledge of Lehudib's Crystal Spear by Vehumet.
 46439 | Snake:4  | Offered knowledge of Fire Storm by Vehumet.
 46439 | Snake:4  | Offered knowledge of Tornado by Vehumet.
 47277 | Snake:4  | Got a serpentine rune of Zot
 47347 | Snake:4  | Identified the amulet "Omisys" {Reflect MR+++ MP-9 Str+8
                  | SH+4} (You found it on level 4 of the Snake Pit)
 47348 | Snake:4  | Identified a scroll of acquirement
 47356 | Snake:4  | Got a faintly glowing chain mail
 47844 | Elf:1    | Entered Level 1 of the Elven Halls
 48083 | Elf:1    | Found Uraj's Antique Weapon Shop.
 48639 | Elf:1    | Reached skill level 1 in Shields
 48730 | Elf:1    | Identified the Tome of Summoning
 48743 | Elf:1    | Reached XP level 18. HP: 112/112 MP: 37/44
 49562 | Elf:1    | Reached skill level 21 in Spellcasting
 50692 | Elf:2    | Found Kuyhax's Food Emporium.
 51391 | Elf:2    | Found a runed translucent gate.
 51391 | Elf:2    | Found a runed translucent gate.
 51393 | Elf:2    | Found a runed translucent gate.
 51415 | Elf:2    | Found Sammuwk's Antique Armour Shop.
 51453 | Elf:2    | Found a gateway to a bazaar.
 51509 | Elf:2    | Found a portal to a secret trove of treasure.
 51764 | Elf:3    | Entered Level 3 of the Elven Halls
 52852 | Elf:3    | Reached skill level 5 in Shields
 52855 | Elf:3    | Reached XP level 19. HP: 84/116 MP: 23/46
 53284 | Elf:3    | Learned a level 9 spell: Fire Storm
 53470 | Elf:3    | Got a transparent marble ring
 53505 | Elf:3    | Got a wavering silver ring
 53516 | Elf:3    | Got a sparkling steel amulet
 53553 | Elf:3    | Identified the Tome of the Arsonist and Changing
 53678 | Elf:3    | Got an encrusted leather armour
 53692 | Elf:3    | Got a scorched spear
 53705 | Elf:3    | Identified the ring "Niq Mum" {Ice rN+ Int+4 Dex-5} (You
                  | found it on level 3 of the Elven Halls)
 53709 | Elf:3    | Identified the ring "Kaovo" {*Drain rF+ Int+4 Dex+3} (You
                  | found it on level 3 of the Elven Halls)
 53712 | Elf:3    | Identified the amulet of Xom's Scorn {Inacc MR+ Dex+4} (You
                  | found it on level 3 of the Elven Halls)
 53845 | Bazaar   | Entered a bazaar
 53849 | Bazaar   | Found Vorist's General Store.
 53866 | Bazaar   | Found Ohui's Jewellery Shoppe.
 53901 | Bazaar   | Found Xuymoq's Armour Boutique.
 53917 | Bazaar   | Found Vuus's Antique Weapon Emporium.
 53965 | Elf:2    | Bought shiny pearl dragon scales for 2654 gold pieces
 54222 | Swamp:1  | Killed Louise
 54907 | Swamp:2  | Reached skill level 22 in Spellcasting
 55214 | Swamp:2  | Reached skill level 1 in Armour
 56588 | Swamp:3  | Found the +2 robe of Vines {NoPotionHeal Regen+7}
 57175 | Swamp:4  | Entered Level 4 of the Swamp
 58997 | Swamp:4  | Got a decaying rune of Zot
 59621 | Vaults:1 | Entered Level 1 of the Vaults
 59896 | Vaults:1 | Found a magical portal.
 59902 | WizLab   | Entered The Hall of the Hellbinder
 60566 | WizLab   | Identified the Incunabulum of Creation
 60902 | WizLab   | Got a steaming granite ring
 60904 | WizLab   | Got a wavering ruby amulet
 60922 | WizLab   | Identified the amulet "Hiddideg" {Regen+ Str+4} (You found
                  | it in a wizard's laboratory)
 60923 | WizLab   | Identified the +5 spear "Dragon's Tongue" {freeze, *Rage
                  | rElec Int+8} (You found it on level 3 of the Elven Halls)
 60926 | WizLab   | Identified the ring "Cutyprom" {MP+9 Slay+2} (You found it
                  | in a wizard's laboratory)
 60942 | WizLab   | Identified the Grimoire of the Escort
 60944 | WizLab   | Noticed Puirch
 60948 | WizLab   | Killed Puirch the Hellbinder
 60948 | WizLab   | Reached XP level 20. HP: 126/126 MP: 24/48
 60961 | WizLab   | Found a burning altar of Makhleb.
 61959 | Vaults:1 | Identified the +9 rapier of Titz {protect, *Slow +Blink
                  | Dex+6}
 62568 | Vaults:1 | Found Kihut's Distillery.
 62572 | Vaults:1 | Bought a potion of heal wounds for 85 gold pieces
 63187 | Vaults:1 | Reached skill level 15 in Conjurations
 64531 | Vaults:2 | Reached skill level 5 in Armour
 65131 | Vaults:2 | Found a staircase to the Crypt.
 65683 | Vaults:2 | Found a stormy altar of Qazlal.
 66270 | Vaults:3 | Reached skill level 23 in Spellcasting
 66354 | Vaults:3 | Reached XP level 21. HP: 132/132 MP: 39/50
 67029 | Vaults:3 | Reached skill level 10 in Shields
 67659 | Vaults:3 | You fall through a shaft!
 67659 | Vaults:4 | Noticed Aizul
 67663 | Vaults:4 | Killed Aizul
 69270 | Vaults:4 | Noticed Boris
 69320 | Vaults:4 | Killed Boris
 69427 | Vaults:4 | Noticed Jory
 69434 | Vaults:4 | Killed Jory
 69571 | Vaults:4 | Reached skill level 15 in Dodging
 69704 | Vaults:4 | Reached XP level 22. HP: 138/138 MP: 29/51
 70465 | Vaults:4 | Learned a level 8 spell: Lehudib's Crystal Spear
 70466 | Vaults:5 | Entered Level 5 of the Vaults
 70466 | Vaults:5 | Noticed an ancient lich
 70469 | Vaults:5 | Noticed a golden dragon
 70480 | Vaults:4 | Killed an ancient lich
 70631 | Vaults:4 | Killed a golden dragon
 70795 | Vaults:3 | Learned a level 2 spell: Blink
 71055 | Depths:1 | Reached skill level 15 in Fighting
 72081 | Depths:1 | Found a gateway to Hell.
 72211 | Depths:2 | Noticed a juggernaut
 72791 | Depths:2 | Found a one-way gate to the infinite horrors of the Abyss.
 72910 | Depths:2 | Found a gateway to a ziggurat.
 72993 | Depths:2 | Reached skill level 24 in Spellcasting
 75343 | Depths:3 | Reached XP level 23. HP: 144/144 MP: 41/53
 75817 | Depths:3 | Found a one-way gate leading to the halls of Pandemonium.
 76176 | Depths:3 | Found a glowing golden altar of the Shining One.
 76195 | Depths:3 | Found the +8 Wrath of Trog {antimagic, *Rage}
 78571 | Depths:4 | You fall through a shaft!
 78571 | Depths:5 | Entered Level 5 of the Depths
 79761 | Depths:5 | Found Toph's Jewellery Emporium.
 79761 | Depths:5 | Found Deej's Gadget Boutique.
 79762 | Depths:5 | Found Dempuronu's Jewellery Emporium.
 80195 | Depths:5 | Found a gate to the Realm of Zot.
 80216 | Depths:5 | Reached XP level 24. HP: 106/152 MP: 22/53
 81096 | Vaults:5 | Noticed an ancient lich
 81261 | Vaults:5 | Reached skill level 10 in Armour
 81390 | Vaults:5 | Reached skill level 25 in Spellcasting
 81596 | Vaults:5 | Reached skill level 5 in Stealth
 81711 | Vaults:5 | Killed an ancient lich
 81906 | Vaults:5 | Identified the +1 trident of Jyrcheyv {pierce, rElec Str+2}
 81908 | Vaults:5 | Noticed Frederick
 81918 | Vaults:5 | Killed Frederick
 82136 | Vaults:5 | Reached skill level 1 in Evocations
 83292 | Elf:2    | You paid a toll of +2 storm dragon scales to enter a
                  | treasure trove
 83293 | Trove    | Entered a treasure trove
 83301 | Trove    | Got a transparent helmet
 83307 | Trove    | Got an encrusted helmet
 83309 | Trove    | Got a smoking ring mail
 83311 | Trove    | Got an ancient shield
 83350 | Elf:2    | Identified the +2 helmet of Watchfulness {rC+ Dex+6} (You
                  | found it in a treasure trove)
 83351 | Elf:2    | Identified the +0 helmet of Disguise {rPois rF- Int+3} (You
                  | found it in a treasure trove)
 83354 | Elf:2    | Identified the +3 shield of the Poles {rF++ Int+4 Slay+3}
                  | (You found it in a treasure trove)
 83575 | Crypt:1  | Entered Level 1 of the Crypt
 84308 | Crypt:1  | Reached skill level 5 in Evocations
 84684 | Crypt:2  | Noticed Boris
 84863 | Crypt:1  | Killed Boris
 86251 | Crypt:2  | Got a wavering wooden ring
 86270 | Crypt:2  | Identified the ring "Idghiuz" {rC+ MR- Int+2 SInv} (You
                  | found it on level 2 of the Crypt)
 86310 | Crypt:3  | Entered Level 3 of the Crypt
 86314 | Crypt:3  | Noticed Boris
 86405 | Crypt:3  | Reached XP level 25. HP: 158/159 MP: 39/54
 87081 | Crypt:3  | Found a staircase to the Tomb.
 87255 | Crypt:3  | Killed Boris
 88827 | Crypt:3  | Reached skill level 15 in Shields
 89513 | Crypt:3  | Found the +7 longbow "Piercer" {penet, EV-2}
 89532 | Crypt:3  | Identified the Catalogue of Black Magic
 89899 | Slime:1  | Entered Level 1 of the Pits of Slime
 90169 | Slime:1  | Reached skill level 10 in Evocations
 90273 | Slime:3  | Killed Donald
 90282 | Slime:3  | Reached skill level 26 in Spellcasting
 90519 | Slime:5  | Entered Level 5 of the Pits of Slime
 90601 | Slime:5  | Noticed the Royal Jelly
 91172 | Slime:5  | Killed the Royal Jelly
 91172 | Slime:5  | Reached XP level 26. HP: 137/166 MP: 16/55
 91359 | Slime:5  | Got a slimy jade amulet
 91363 | Slime:5  | Identified the amulet of the Coward {Spirit Int+2} (You
                  | found it on level 5 of the Pits of Slime)
 91404 | Slime:5  | Got a slimy rune of Zot
 91405 | Slime:5  | Identified the Catalogue of Moulding
 91569 | Slime:5  | Gained mutation: You are weak. (Str -2) [a shining eye]
 91658 | Slime:5  | Learned a level 5 spell: Summon Mana Viper
 92092 | Zot:1    | Entered Level 1 of the Realm of Zot
 94033 | Zot:2    | Reached skill level 15 in Evocations
 94033 | Zot:2    | Reached skill level 27 in Spellcasting
 94533 | Zot:1    | Reached XP level 27. HP: 158/173 MP: 32/56
 95500 | Zot:2    | Killed from afar by a black draconian monk

Skill      XL: |  1  2  3  4  5  6  7  8  9 10 11 12 13 14 15 16 17 18 19 20 21 22 23 24 25 26 27 |
---------------+----------------------------------------------------------------------------------+-----
Conjurations   | 2 3 4 5 7 9 10 11 12 14 15 16 | 16.0
Spellcasting   | 4 5 6 7 9 11 12 14 15 16 17 18 19 20 21 22 23 24 25 26 27 | 27.0
Fire Magic     | 4 5 6 8 9 10 12 13 15 17 | 17.2
Dodging        | 3 6 9 10 12 13 14 15 16 17 18 | 18.0
Fighting       | 3 5 7 8 9 10 11 12 13 14 15 16 17 18 | 18.2
Charms         | 3 6 |  6.0
Necromancy     | 2 6 8 |  8.0
Summonings     | 5 8 |  8.0
Shields        | 1 5 7 9 11 12 14 15 | 15.0
Armour         | 3 5 7 8 9 10 12 | 12.0
Stealth        | 7 |  7.3
Evocations     | 6 12 16 17 | 17.0

Action                   |  1- 3 |  4- 6 |  7- 9 | 10-12 | 13-15 | 16-18 | 19-21 | 22-24 | 25-27 || total
-------------------------+-------+-------+-------+-------+-------+-------+-------+-------+-------++-------
Melee: Dagger            |     1 |    11 |    10 |     2 |       |       |       |       |       ||    24
       Demon blade       |       |       |       |    34 |    15 |       |       |       |       ||    49
       Staff             |       |       |       |       |     1 |       |       |     7 |    15 ||    23
       Morningstar       |       |       |       |       |     1 |     8 |    57 |    82 |     7 ||   155
Throw: Throwing net      |       |       |       |       |       |     1 |       |       |       ||     1
 Cast: Flame Tongue      |    49 |   100 |   160 |   173 |   219 |    31 |     9 |       |       ||   741
       Sticky Flame      |       |     4 |    16 |    27 |    17 |    14 |    13 |     9 |     2 ||   102
       Throw Flame       |       |    29 |    58 |    69 |    25 |       |       |       |       ||   181
       Fireball          |       |       |    20 |    53 |   123 |   137 |     8 |    31 |       ||   372
       Shock             |       |       |     2 |     4 |       |       |       |       |       ||     6
       Bolt of Fire      |       |       |       |    74 |   288 |   344 |   558 |   450 |   321 ||  2035
       Conjure Flame     |       |       |       |     2 |       |       |       |       |       ||     2
       Ignition          |       |       |       |       |    27 |    28 |    88 |   110 |    83 ||   336
       Airstrike         |       |       |       |       |    35 |     2 |       |       |       ||    37
       Bolt of Draining  |       |       |       |       |       |    28 |       |       |       ||    28
       Sublimation of Bl |       |       |       |       |       |    37 |    41 |    49 |       ||   127
       Regeneration      |       |       |       |       |       |    20 |     9 |    10 |     2 ||    41
       Spellforged Servi |       |       |       |       |       |     4 |    15 |    23 |    12 ||    54
       Iron Shot         |       |       |       |       |       |    34 |    23 |   133 |    74 ||   264
       Blink             |       |       |       |       |       |       |       |       |     1 ||     1
Evoke: Wand              |       |       |     5 |       |     8 |     5 |     3 |     7 |     1 ||    29
       Staff of Wucad Mu |       |       |       |       |       |       |       |   118 |   251 ||   369
  Use: Scroll            |       |     1 |     8 |    19 |     4 |    26 |    17 |    16 |     3 ||    94
       Potion            |       |       |       |     7 |       |     1 |     9 |     1 |     3 ||    21
 Stab: Sleeping          |       |     3 |     3 |     1 |       |       |       |       |       ||     7
       Distracted        |       |       |       |     1 |       |       |       |       |       ||     1
       Paralysed         |       |       |       |       |     3 |       |       |       |       ||     3
       Invisible         |       |       |       |       |       |       |     1 |       |       ||     1
  Eat: Chunk             |     1 |    11 |    14 |    27 |    52 |    11 |    26 |    13 |     6 ||   161
       Ration            |       |       |     3 |     6 |    10 |    13 |    10 |    12 |     8 ||    62
Armor: Robe              |     3 |     9 |    21 |    42 |    48 |    36 |       |       |       ||   159
       Pearl dragon scal |       |       |       |       |       |       |    77 |   137 |   154 ||   368
Dodge: Dodged            |    14 |    35 |    72 |   120 |   181 |   116 |   140 |   206 |   213 ||  1097
Block: Other             |       |       |       |       |       |     4 |       |       |       ||     4
       Reflection        |       |       |       |       |       |     1 |    20 |    30 |     4 ||    55
       Buckler           |       |       |       |       |       |       |   110 |   172 |       ||   282
       Shield            |       |       |       |       |       |       |       |    53 |   249 ||   302
       Rpst.: Demon blade |       |       |       |    29 |    28 |       |       |       |       ||    57
